 Dungeon Crawl Stone Soup version 0.21-a0-227-g58a7c62 (webtiles) character file.

6219 Leszczynek the Grappler (level 10, -17/102 HPs)
             Began as a Troll Skald on Aug 30, 2017.
             Was a Follower of Ashenzari.
             Demolished by a yaktaur
             ... wielding a +1 hand axe of freezing
              (20 damage)
             ... on level 11 of the Dungeon.
             The game lasted 00:18:42 (3016 turns).

Leszczynek the Grappler (Troll Skald)               Turns: 3016, Time: 00:18:43

Health: -17/102    AC:  7    Str: 21    XL:     10   Next: 61%
Magic:  10/10      EV: 12    Int: 11    God:    Ashenzari [*.....]
Gold:   286        SH:  0    Dex: 10    Spells: 8/11 levels left

rFire    . . .     SeeInvis .     - Unarmed
rCold    . . .     Gourm    +   (no shield)
rNeg     . . .     Faith    .   r - +0 troll leather armour (curse)
rPois    .         Spirit   .   (helmet restricted)
rElec    .         Reflect  .   (no cloak)
rCorr    .         Harm     .   (gloves unavailable)
MR       .....                  (boots unavailable)
Stlth    +.........             (no amulet)
HPRegen  1.07/turn              (no ring)
MPRegen  0.12/turn              (no ring)

@: very slightly contaminated, invisible
A: unfitting armour, claws 3, fast metabolism 3, gourmand, regeneration 1,
shaggy fur 1, tough skin 2
a: Curse Item, Scrying, Renounce Religion


You were on level 11 of the Dungeon.
You worshipped Ashenzari.
Ashenzari was aware of your devotion.
You were completely stuffed.

You visited 1 branch of the dungeon, and saw 12 of its levels.

You collected 286 gold pieces.

Inventory:

Missiles
 a - 4 javelins
 g - 5 large rocks (quivered)
 z - 2 throwing nets
Armour
 r - a cursed +0 troll leather armour (worn)
Wands
 i - a wand of confusion (23/48)
 w - a wand of flame (27/48)
Scrolls
 e - 4 scrolls of remove curse {@r2}
 n - 2 scrolls of blinking {unknown}
 o - a scroll of enchant armour {unknown}
 u - a scroll of teleportation {unknown}
 y - 2 scrolls of amnesia {unknown}
 A - a scroll of identify {@r1}
Potions
 c - a potion of flight {unknown}
 h - a potion of magic {unknown}
 j - 2 potions of might
 k - 2 potions of invisibility
 l - a potion of degeneration {unknown}
 p - 2 potions of haste
 v - a potion of cancellation {unknown}
 x - 2 potions of mutation {!q}
Books
 b - a book of Battle

   Spells                             Type                      Level
   a - Infusion                       Charms                       1
   b - Shroud of Golubria             Charms/Translocation         2
   c - Song of Slaying                Charms                       2
   d - Spectral Weapon                Hexes/Charms                 3
   e - Regeneration                   Charms/Necromancy            3
 t - a book of Misfortune

   Spells                             Type                      Level
   a - Confusing Touch                Hexes                        1
   b - Confuse                        Hexes                        3
   c - Gell's Gravitas                Translocation                3
   d - Petrify                        Transmutation/Earth          4
   e - Metabolic Englaciation         Hexes/Ice                    5
   f - Yara's Violent Unravelling     Hexes/Transmutation          5
Comestibles
 d - 5 bread rations
 f - 4 meat rations
 m - 7 fruits
 q - a royal jelly
 s - 9 chunks of flesh


   Skills:
 + Level 7.2 Fighting
 + Level 6.5 Dodging
 * Level 11.6 Unarmed Combat
 - Level 1.2 Spellcasting
 - Level 2.0 Charms


You had 8 spell levels left.
You knew the following spells:

 Your Spells              Type           Power        Failure   Level  Hunger
a - Infusion              Chrm           #...         16%         1    ##.....
b - Shroud of Golubria    Chrm/Tloc      #.........   36%         2    ###....


Dungeon Overview and Level Annotations

Branches:
Dungeon (12/15)            Temple (0/1) D:5
   Lair: D:8-11         Orc: D:9-12

Altars:
Ashenzari

Annotations:
D:6 Eustachio
D:9 manticore
D:10 orc, Ijustatesigmund's ghost, novice FoFi


Innate Abilities, Weirdness & Mutations

You are too large for most types of armour.
You have claws for hands.
Your metabolism is lightning-fast.
You like to eat raw meat.
Your natural rate of healing is unusually fast.
You are covered in fur. (AC +1)
You have very tough skin. (AC +2)


Message History

Here: a yaktaur, wielding a hand axe of freezing, quivering 17 bolts and carrying an uncursed arbalest (heavily wounded)
The floor, spattered with blood.
Unknown command.
Unknown command.
You fade into invisibility!
The yaktaur hits you with an uncursed hand axe of freezing!
* * * LOW HITPOINT WARNING * * *
The yaktaur freezes you.
* * * LOW HITPOINT WARNING * * *
You are very lightly contaminated with residual magic.
Evoke which item? (* to show all) (? for menu, Esc to quit)
Aiming: Confuse
Press: ? - help, Shift-Dir - straight line, f - yaktaur
Aim: a yaktaur, wielding a hand axe of freezing, quivering 17 bolts and carrying an uncursed arbalest (heavily wounded, chance to defeat MR: 28%)
Okay, then.
Unknown command.
You scratch the yaktaur but do no damage.
The yaktaur is heavily wounded.
The yaktaur hits you with an uncursed hand axe of freezing!!
You die...

#.......#..#.....#.........#####.
#.......#..#.....#.(.......'...#.
#.......#..#.....#c..(.....#####.
........#..#.....#...............
........#..#.....#....#####.....≈
........#..####..#....#c..#.....≈
.......[#.....#..#....# .'......
........).....#))#....# #......
'########...<.##@#....# #.(....
.............)...c....#####......
.................................
.................................
.................................
..................######...(.....
.#######'#........#....#.........
.#.......#######..#....#.........
.#.....<.......#..'....#......###


You could see a yaktaur.

Vanquished Creatures
  5 yaktaurs (D:11)
  A hornet (D:9)
  A troll (D:11)
  A hippogriff (D:11)
  A water elemental (D:11)
  6 yaks
  A wraith (D:11)
  2 acid dragons (D:11)
  2 orc warriors
  2 sky beasts
  2 ice beasts
  An eye of draining (D:10)
  2 phantoms
  2 black bears
  A necrophage (D:9)
  4 ogres
  A crocodile (D:9)
  6 bullfrogs
  A gnoll sergeant (D:9)
  A wyvern skeleton (D:9)
  A water moccasin skeleton (D:4)
  2 scorpions
  A killer bee (D:10)
  A wight (D:6)
  3 howler monkeys
  4 crimson imps
  A bullfrog zombie (D:11)
  A centaur skeleton (D:7)
  2 jellies
  3 hounds
  2 iguanas
  4 worker ants
  2 howler monkey zombies
  10 gnolls
  A howler monkey skeleton (D:9)
  3 adders (D:9)
  A shadow imp (D:10)
  An adder zombie (D:9)
  A worm (D:3)
  2 leopard geckos (D:9)
  15 orcs
  2 bats (D:2)
  A jackal (D:9)
  3 quokkas
110 creatures vanquished.

Notes
Turn   | Place    | Note
-------+----------+-------------------------------------------
     0 | D:1      | Leszczynek the Troll Skald began the quest for the Orb.
     0 | D:1      | Reached XP level 1. HP: 19/19 MP: 1/1
    34 | D:2      | Found a shattered altar of Ashenzari.
    71 | D:2      | Became a worshipper of Ashenzari the Shackled
   221 | D:4      | totally fine guys
   237 | D:4      | Reached skill level 4 in Unarmed Combat
   237 | D:4      | Reached XP level 2. HP: 13/27 MP: 2/2
   237 | D:4      | Reached XP level 3. HP: 16/33 MP: 3/3
   251 | D:4      | Learned a level 2 spell: Shroud of Golubria
   251 | D:4      | totally. fine.
   343 | D:5      | Entered Level 5 of the Dungeon
   362 | D:5      | Reached XP level 4. HP: 41/41 MP: 4/4
   431 | D:5      | Found a staircase to the Ecumenical Temple.
   442 | D:5      | Reached skill level 5 in Unarmed Combat
   520 | D:5      | Noticed a phantom
   539 | D:5      | Killed a phantom
   539 | D:5      | Reached skill level 6 in Unarmed Combat
   539 | D:5      | Reached XP level 5. HP: 40/48 MP: 2/5
   561 | D:6      | Reached XP level 6. HP: 53/55 MP: 2/6
   690 | D:6      | >cursed ring of teleportation
   690 | D:6      | LET'S GO
   690 | D:6      | (not)
   699 | D:6      | if it was loudness...
   743 | D:6      | Noticed Eustachio
   770 | D:6      | Reached skill level 7 in Unarmed Combat
   799 | D:6      | motherfucker had a HW potion
   799 | D:6      | fucking item destruction
   809 | D:6      | Reached XP level 7. HP: 33/62 MP: 4/7
   949 | D:7      | Reached skill level 8 in Unarmed Combat
  1016 | D:7      | Reached skill level 2 in Fighting
  1088 | D:8      | Reached skill level 3 in Fighting
  1144 | D:9      | Reached * piety under Ashenzari
  1154 | D:9      | Noticed a manticore
  1213 | D:9      | Reached XP level 8. HP: 71/75 MP: 8/8
  1242 | D:10     | Entered Level 10 of the Dungeon
  1326 | D:10     | Noticed Ijustatesigmund's ghost (novice FoFi)
  1342 | D:9      | Reached skill level 4 in Fighting
  1344 | D:9      | Reached skill level 9 in Unarmed Combat
  1381 | D:9      | Reached skill level 2 in Dodging
  1491 | D:9      | Reached skill level 3 in Dodging
  1542 | D:9      | Reached skill level 5 in Fighting
  1579 | D:9      | Reached skill level 4 in Dodging
  1712 | D:9      | Noticed a hornet
  1737 | D:9      | Killed a hornet
  1737 | D:9      | Reached XP level 9. HP: 35/88 MP: 9/9
  1838 | D:10     | Reached skill level 5 in Dodging
  1933 | D:10     | HP: 9/89 [yak (13)]
  2055 | D:11     | Reached skill level 6 in Fighting
  2060 | D:11     | Noticed a troll
  2069 | D:11     | Killed a troll
  2069 | D:11     | Reached skill level 10 in Unarmed Combat
  2360 | D:11     | Reached XP level 10. HP: 100/100 MP: 7/10
  2485 | D:11     | Noticed a two-headed ogre
  2533 | D:11     | yaktaur pack on d:11?
  2573 | D:11     | Reached skill level 6 in Dodging
  2573 | D:11     | Reached skill level 11 in Unarmed Combat
  2790 | D:11     | Reached skill level 7 in Fighting
  3014 | D:11     | HP: 20/102 [yaktaur/uncursed hand axe of freezing (12)]
  3015 | D:11     | HP: 5/102 [yaktaur/uncursed hand axe of freezing (13)]
  3015 | D:11     | HP: 2/102 [yaktaur/uncursed hand axe of freezing (3)]
  3016 | D:11     | Demolished by a yaktaur

Vault maps used:
D:1:      dpeg_arrival_pits, minmay_misc_feat_doors, minmay_misc_feat_chi
D:2:      ashenzari_altar_1
D:3:      tgw_fedhas
D:4:      first_bread, serial_shops, nicolae_shop_statue_plus,
          nicolae_shop_trees, corexii_corridor_pit, uniq_edmund
D:5:      minmay_temple_entry_mist, kennysheep_okawaru_gauntlet
D:6:      uniq_eustachio, uniq_prince_ribbit1
D:7:      serial_shops, kennysheep_little_box, uniq_joseph
D:8:      lemuel_crystal_altar, blue_anna_alchemist
D:9:      special_room, kennysheep_kite_vault
D:10:     lair_entry_dummy, erik_orc_2, kennysheep_generic_room_7
D:11:     fort_yaktaur, lemuel_nasty_fountain

Skill      XL: |  1  2  3  4  5  6  7  8  9 10 |
---------------+-------------------------------+-----
Unarmed Combat | 4 6 7 8 9 10 11 | 11.6
Fighting       | 3 5 6 7 |  7.2
Dodging        | 4 5 6 |  6.5
Spellcasting   | |  1.2
Charms         | |  2.0

Action                   |  1- 3 |  4- 6 |  7- 9 | 10-12 || total
-------------------------+-------+-------+-------+-------++-------
Melee: Unarmed           |    53 |    68 |   272 |    76 ||   469
       Punch             |       |     2 |    12 |     5 ||    19
Throw: Large rock        |       |       |     3 |       ||     3
 Cast: Shroud of Golubri |       |     5 |     5 |     1 ||    11
Invok: Curse Item        |       |       |       |     1 ||     1
Evoke: Wand              |       |       |     1 |       ||     1
  Use: Scroll            |       |       |     4 |       ||     4
       Potion            |       |       |     3 |     1 ||     4
 Stab: Invisible         |       |       |     1 |       ||     1
  Eat: Chunk             |     6 |     5 |    18 |     6 ||    35
Armor: Robe              |    23 |    18 |    43 |       ||    84
       Troll leather arm |       |       |    13 |    19 ||    32
Dodge: Dodged            |    31 |    24 |   124 |    32 ||   211

Table legend:
 A = Spawn XP
 B = Non-spawn XP
 C = Spawn XP percentage of total XP
 D = Spawn monster count
 E = Non-spawn monster count
 F = Spawn count percentage of total count
 G = Total turns spent on level
                    A         B        C        D         E        F      G
               +---------+---------+-------+---------+---------+-------+---------
         Total |     134 |    8751 |   1.5 |       3 |     107 |   2.7 |  3016
               +---------+---------+-------+---------+---------+-------+---------
           D:2 |       0 |       3 |   0.0 |       0 |       2 |   0.0 |    99
           D:3 |       0 |       5 |   0.0 |       0 |       1 |   0.0 |   119
           D:4 |       0 |      84 |   0.0 |       0 |       6 |   0.0 |   169
           D:5 |       0 |     219 |   0.0 |       0 |       6 |   0.0 |   179
           D:6 |       0 |     547 |   0.0 |       0 |       9 |   0.0 |   397
           D:7 |       0 |     450 |   0.0 |       0 |       9 |   0.0 |   119
           D:8 |       0 |      70 |   0.0 |       0 |       1 |   0.0 |    72
           D:9 |       3 |    1529 |   0.2 |       1 |      27 |   3.6 |   561
          D:10 |       0 |    1268 |   0.0 |       0 |      15 |   0.0 |   324
          D:11 |     131 |    4576 |   2.8 |       2 |      31 |   6.1 |   966
               +---------+---------+-------+---------+---------+-------+---------
